 Dungeon Crawl Stone Soup version 0.29-a0-577-gafbf2c5d25 (console) character file.

Game seed: 1272916413129302878

4799 om the Purifying Merfolk (level 10, -1/70 HPs)
             Began as a Merfolk Ice Elementalist on June 13, 2022.
             Was a High Priest of Elyvilon.
             Killed by divine providence
             ... invoked by a meliai
              (17 damage)
             ... on level 8 of the Dungeon.
             The game lasted 00:23:10 (13802 turns).

om the Purifying Merfolk (MfIE)                    Turns: 13802, Time: 00:23:10

Health: -1/70      AC:  9    Str: 10    XL:     10   Next: 48%
Magic:  11/17      EV: 17    Int: 14    God:    Elyvilon [*****.]
Gold:   172        SH:  0    Dex: 18    Spells: 10/17 levels left

rFire   + . .      SeeInvis .   a - staff of cold
rCold   + . .      Faith    .   (no shield)
rNeg    . . .      Spirit   .   s - +0 robe
rPois   .          Reflect  .   v - +0 hat
rElec   .          Harm     .   (no cloak)
rCorr   .          Rampage  .   (no gloves)
Will    .....                   (no boots)
Stlth   ++........              y - amulet of the acrobat
HPRegen 0.21/turn               t - ring of protection from fire
MPRegen 0.15/turn               (no ring)

@: lethally poisoned (-1 -> -6), ice-armoured, freezing walls, studying Throwing
A: (nimble swimmer 2), mertail
a: Renounce Religion, Purification, Heal Other, Heal Self, Divine Vigour


You were on level 8 of the Dungeon.
You worshipped Elyvilon.
Elyvilon was extremely pleased with you.
You visited 1 branch of the dungeon, and saw 9 of its levels.

You collected 390 gold pieces.
You spent 218 gold pieces at shops.

Inventory:

Hand Weapons
 b - a +2 hand crossbow of freezing
 d - a +0 dagger
 o - a +1 mace of protection
 p - a +0 spear
 r - a +0 whip of venom
Armour
 s - a +0 robe (worn)
 v - a +0 hat (worn)
Magical Staves
 a - a staff of cold (weapon)
 w - a staff of fire
Jewellery
 t - a ring of protection from fire (left hand)
 y - an amulet of the acrobat (around neck)
Wands
 A - a wand of polymorph (13)
 D - a wand of paralysis (10)
Scrolls
 c - a scroll of acquirement
 e - 3 scrolls of magic mapping
 g - 8 scrolls of teleportation
 j - 2 scrolls of vulnerability
 k - a scroll of fear
 l - 2 scrolls of blinking
 m - a scroll of amnesia
 n - a scroll of immolation
 q - 4 scrolls of fog
 B - a scroll of enchant weapon
Potions
 f - 4 potions of curing
 h - 3 potions of brilliance
 i - 4 potions of lignification
 u - a potion of might
 x - 3 potions of haste
 z - a potion of berserk rage
 C - a potion of magic
 E - a potion of resistance {unknown}


   Skills:
 + Level 3.2 Fighting
 * Level 3.6 Staves
 * Level 5.4 Crossbows
 * Level 8.5 Dodging
 - Level 3.0 Stealth
 - Level 4.0 Spellcasting
 - Level 6.0 Ice Magic
 * Level 9.8 Invocations


You had 10 spell levels left.
You knew the following spells:

 Your Spells              Type           Power      Damage    Failure   Level
a - Freeze                Ice            100%       1d11      1%          1
b - Frozen Ramparts       Ice            58%        1d7       4%          3
c - Ozocubu's Armour      Ice            29%        N/A       4%          3

Your spell library contained the following spells:

 Spells                   Type           Power      Damage    Failure   Level
 Sandblast                Erth           4%         2d4       19%         1
 Passwall                 Tmut/Erth      1%         N/A       28%         2
 Scorch                   Fire           4%         2d5       28%         2
 Stone Arrow              Conj/Erth      4%         3d7       50%         3
 Hailstorm                Conj/Ice       16%        3d6       50%         4
 Flame Wave               Conj/Fire      2%         2d4       88%         4
 Fireball                 Conj/Fire      1%         3d3       99%         5
 Iskenderun's Battlesphe  Conj           2%         2d6       99%         5
 Conjure Ball Lightning   Conj/Air       1%         3x3d6     100%        6
 Summon Cactus Giant      Summ           1%         N/A       100%        6
 Orb of Destruction       Conj           1%         9d5       100%        7


Dungeon Overview and Level Annotations

Branches:
Dungeon (9/15)             Temple (0/1) D:6
   Lair: D:8-11         Orc: D:9-12

Altars:
Cheibriados
Elyvilon
Fedhas
Makhleb
Wu Jian
Yredelemnul

Shops:
D:7 !=[*

Annotations:
D:3 exclusion: ball python
D:9 3 runed translucent doors, MechDurjaeses's ghost, novice GnWn


Innate Abilities, Weirdness & Mutations

((You are very nimble when in or above water. (Stealth+, EV+, Speed+++)))
Your lower body shifts to a powerful aquatic tail in water.


Message History

A meliai comes into view. It is wielding a +0 hand axe.
There is a stone staircase leading up, spattered with blood here.
You shoot a bolt. The bolt hits the meliai!
The bolt freezes the meliai.
The meliai is heavily wounded.
The meliai barely misses you.
The meliai stings you but does no damage.
You can't go down here!
The meliai hits you with a +0 hand axe. The meliai completely misses you.
The meliai barely misses you. The meliai stings you!
You are poisoned.
The meliai poisons you!
You climb upwards.
You feel very sick.
There is a stone staircase leading down here.
Your +2 hand crossbow of freezing stops glowing.
a - a staff of cold (weapon)
You feel sick. The meliai misses you. The meliai stings you!
Casting: Ozocubu's Armour (dangerous; 4% risk of failure)
Confirm with . or Enter, or press ? or * to list all spells.
Casting: Frozen Ramparts (dangerous; 4% risk of failure)
Press: ? - help, Dir - look around, f - activate A stone staircase leading down.
You feel a surge of power!
The walls around you are covered in ice.
You feel sick.
The wall freezes the meliai.
The meliai hits you with a +0 hand axe! The meliai misses you.
The wall freezes the meliai.
The meliai invokes the aid of its god against you.
Something smites you!
Casting: Frozen Ramparts (dangerous; 4% risk of failure)
Confirm with . or Enter, or press ? or * to list all spells.
You feel a surge of power! A film of ice covers your body!
You feel sick.
The wall freezes the meliai.
The meliai hits you with a +0 hand axe.
* * * LOW HITPOINT WARNING * * *
The meliai stings you.
* * * LOW HITPOINT WARNING * * *
The wall freezes the meliai.
The meliai mumbles some strange prayers to its god against you.
Something smites you!
You die...

######..## #..##
##...# ## ####
##.## ##..# .##
#..# #### ..##
#### ##.## ...#
#####..####..#
...#
##.......##..##
..##
##.........#.##
### #............#
##..........@y##
##..............##
#................#
#................#
#...............##
##.............##
##...........##
##.........##
###.....###


You could see a meliai.

Vanquished Creatures
  A cyclops (D:8)
  A gargoyle (D:9)
  2 yaks (D:8)
  A wyvern (D:8)
  2 orc warriors (D:6)
  3 sky beasts
  4 black bears
  4 ogres
  4 centaurs
  4 bullfrogs
  A scorpion (D:7)
  2 wights (D:8)
  A howler monkey (D:8)
  2 hounds (D:5)
  2 jellies
  6 orc priests
  2 iguanas (D:6)
  Natasha (thrice) (D:2)
  7 orc wizards
  6 gnolls
  6 adders
  A shadow imp (D:8)
  2 white imps (D:6)
  2 ufetubi
  The ghost of DocClef the Sneak, a weakling DrDe (D:5)
  2 dart slugs (D:3)
  A worm (D:2)
  27 orcs
  7 ball pythons
  3 bats
  5 endoplasms
  2 giant cockroaches
  6 goblins
  3 hobgoblins
  10 jackals
  4 kobolds
  5 frilled lizards
  2 goblin skeletons (D:4)
  4 rats
151 creatures vanquished.

Vanquished Creatures (others)
  A two-headed ogre (D:8)
  3 yaks (D:8)
  A demonic plant (D:1)
5 creatures vanquished.

Grand Total: 156 creatures vanquished

Notes
Turn   | Place    | Note
-------+----------+-------------------------------------------
     0 | D:1      | om the Merfolk Ice Elementalist began the quest for the
                  | Orb.
     0 | D:1      | Reached XP level 1. HP: 13/13 MP: 3/3
   521 | D:1      | Reached XP level 2. HP: 19/19 MP: 3/5
   901 | D:1      | Found a faded altar of an unknown god.
  1099 | D:1      | Prayed at the altar of an unknown god.
  1099 | D:1      | Became a worshipper of Elyvilon the Healer
  1099 | D:1      | Reached * piety under Elyvilon
  1656 | D:2      | Reached XP level 3. HP: 4/24 MP: 2/6
  1915 | D:2      | Noticed Natasha
  1924 | D:2      | Killed Natasha
  1925 | D:2      | Reached skill level 1 in Invocations
  1952 | D:2      | Noticed Natasha
  1959 | D:2      | Killed Natasha
  1960 | D:2      | Reached XP level 4. HP: 10/30 MP: 0/7
  2184 | D:2      | Noticed Natasha
  2305 | D:2      | Learned a level 3 spell: Frozen Ramparts
  2329 | D:2      | Killed Natasha
  2531 | D:2      | Reached skill level 2 in Invocations
  2587 | D:2      | Reached XP level 5. HP: 34/35 MP: 3/8
  2881 | D:2      | Reached ** piety under Elyvilon
  3218 | D:3      | Learned a level 3 spell: Ozocubu's Armour
  3400 | D:3      | Found a blossoming altar of Fedhas.
  3634 | D:3      | Found a snail-covered altar of Cheibriados.
  3753 | D:3      | Reached skill level 5 in Dodging
  3753 | D:3      | Reached skill level 5 in Ice Magic
  3987 | D:3      | Noticed an ice beast
  4325 | D:4      | Noticed a human
  4325 | D:4      | Noticed a centaur
  4325 | D:4      | Found a runed translucent door.
  4325 | D:4      | Reached *** piety under Elyvilon
  4412 | D:3      | Reached XP level 6. HP: 28/41 MP: 0/10
  4974 | D:4      | Identified a scroll of acquirement
  5017 | D:4      | Noticed a black bear
  5058 | D:4      | Reached skill level 3 in Invocations
  6245 | D:4      | Found a basalt altar of Yredelemnul.
  6600 | D:4      | Killed a black bear
  6601 | D:4      | Reached XP level 7. HP: 45/46 MP: 7/11
  6739 | D:5      | Entered Level 5 of the Dungeon
  6739 | D:5      | Reached **** piety under Elyvilon
  6911 | D:5      | Reached skill level 4 in Invocations
  7136 | D:5      | Found an ornate altar of the Wu Jian Council.
  7164 | D:5      | Reached skill level 1 in Crossbows
  7311 | D:5      | Reached skill level 5 in Invocations
  7344 | D:5      | Reached XP level 8. HP: 39/52 MP: 7/13
  7561 | D:5      | Found a runed translucent door.
  7563 | D:5      | Noticed DocClef's ghost (weakling DrDe)
  7706 | D:5      | Killed DocClef's ghost
  7966 | D:6      | Reached skill level 6 in Invocations
  8070 | D:6      | Found a staircase to the Ecumenical Temple.
  8649 | D:6      | Reached skill level 7 in Invocations
  8732 | D:6      | HP: 2/52 [orc warrior/+0 long sword (19)]
  9220 | D:6      | Reached XP level 9. HP: 57/57 MP: 11/15
  9221 | D:6      | Reached skill level 8 in Invocations
  9760 | D:7      | Reached ***** piety under Elyvilon
 10122 | D:7      | Found Nellol's Assorted Antiques.
 10293 | D:7      | Bought a scroll of identify for 66 gold pieces
 10319 | D:7      | Found Lyom Yneu's Armour Shop.
 10322 | D:7      | Bought a +0 hat for 52 gold pieces
 10410 | D:7      | Reached skill level 1 in Staves
 10457 | D:7      | Found Nezep's Distillery.
 10463 | D:7      | Bought a potion of haste for 100 gold pieces
 10495 | D:7      | Reached skill level 1 in Fighting
 10697 | D:7      | HP: 2/59 [ice beast (9)]
 11116 | D:7      | Found Muikhlino's Jewellery Emporium.
 11466 | D:8      | Noticed a two-headed ogre
 11472 | D:8      | Pacified a two-headed ogre
 11473 | D:8      | Reached skill level 9 in Invocations
 11524 | D:8      | Killed a two-headed ogre
 12064 | D:8      | Reached XP level 10. HP: 19/68 MP: 10/16
 12508 | D:8      | Found a burning altar of Makhleb.
 12546 | D:8      | Reached skill level 5 in Crossbows
 13293 | D:9      | Found a runed translucent gate.
 13294 | D:9      | Found a runed translucent gate.
 13295 | D:9      | Found a runed translucent gate.
 13295 | D:9      | Noticed MechDurjaeses's ghost (novice GnWn)
 13295 | D:9      | Noticed a five-headed hydra
 13296 | D:9      | Noticed a boulder beetle
 13345 | D:9      | Noticed a two-headed ogre
 13418 | D:9      | Noticed a white ugly thing
 13418 | D:9      | Noticed a skeletal warrior
 13418 | D:9      | Noticed a manticore
 13423 | D:9      | Noticed a gargoyle
 13423 | D:9      | Noticed a purple ugly thing
 13424 | D:9      | Noticed a cyclops
 13442 | D:8      | Elyvilon protects you from harm!
 13443 | D:8      | Elyvilon protects you from harm!
 13447 | D:8      | Killed a cyclops
 13689 | D:9      | Killed a gargoyle
 13792 | D:9      | Noticed a tengu warrior
 13802 | D:8      | Killed from afar by a meliai

Illustrated notes

Levels and vault maps discovered:
D:1:      scummos_arrival_checkerplants, layout_basic,
          shapermc_ecumenical_altar_gd
D:2:      layout_basic, uniq_natasha
D:3:      layout_loops_ring, mainiacjoe_overflow_six_doors_small,
          mainiacjoe_overflow_brackets, minmay_divided_ellipse
D:4:      layout_layer_cave, dk_yredelemnul_ordeal, minmay_manual_macuahuitl
D:5:      layout_rooms, mainiacjoe_overflow_24_doors,
          hellmonk_ghost_happy_afterlife, nrook_campfire
D:6:      layout_loops_ring, minmay_temple_entry_water_ring
D:7:      layout_basic, serial_shops, nicolae_shop_advertising_works
          [nicolae_subvault_shop_adworks], shop, kennysheep_mini_moat, shop,
          serial_glass, glass_columns_a, glass_columns_a
D:8:      layout_cave_pods, mainiacjoe_overflow_cross_hatched
D:9:      layout_cross, gammafunk_ghost_split, hex_large, minivault_28,
          uniq_erica

Skill      XL: |  1  2  3  4  5  6  7  8  9 10 |
---------------+-------------------------------+-----
Dodging        | 3 4 5 6 7 8 |  8.5
Invocations    | 1 2 3 5 7 9 |  9.8
Stealth        | 3 |  3.0
Ice Magic      | 5 6 |  6.0
Spellcasting   | 3 4 |  4.0
Crossbows      | 1 3 4 5 |  5.4
Staves         | 2 3 |  3.6
Fighting       | 2 3 |  3.2

Action                   |  1- 3 |  4- 6 |  7- 9 | 10-12 || total
-------------------------+-------+-------+-------+-------++-------
Melee: Unarmed           |     7 |       |       |       ||     7
       Dagger            |     8 |    12 |       |       ||    20
       Spear             |       |   104 |       |       ||   104
       Staff             |       |    33 |    26 |    33 ||    92
       Whip              |       |    17 |       |       ||    17
       Punch             |       |     1 |     1 |       ||     2
 Fire: Hand crossbow     |       |     2 |   231 |    46 ||   279
 Cast: Freeze            |    28 |    19 |       |     6 ||    53
       Frozen Ramparts   |       |    12 |    30 |     8 ||    50
       Ozocubu's Armour  |       |       |       |     3 ||     3
Invok: Purification      |     2 |       |       |       ||     2
       Heal Other        |       |     1 |     6 |       ||     7
       Heal Self         |       |       |     1 |       ||     1
Evoke: Wand              |       |       |       |     3 ||     3
  Use: Potion            |     1 |       |     1 |     1 ||     3
       Scroll            |       |    11 |     6 |     2 ||    19
 Stab: Sleeping          |       |    10 |       |       ||    10
       Distracted        |       |     1 |       |     1 ||     2
Armor: Robe              |     5 |    28 |    14 |     3 ||    50
Dodge: Dodged            |    26 |   157 |   120 |    62 ||   365

Table legend: (Time is in decaauts)
 A = Elapsed time spent in this place.
 B = Non-inter-level travel time spent in this place.
 C = Inter-level travel time spent in this place.
 D = Time resting spent in this place.
 E = Time spent auto-exploring this place.
 F = Levels seen in this place.
 G = Mean time per level.
                   A        B        C        D        E       F      G
               +--------+--------+--------+--------+--------+-----+--------+
         Total |  13908 |  13434 |    474 |   5418 |   6404 |   9 | 1545.3 |
       Dungeon |  13908 |  13434 |    474 |   5418 |   6404 |   9 | 1545.3 |
               +--------+--------+--------+--------+--------+-----+--------+

Top non-repeatable levels by time:
     D:6: 2165 daAuts
     D:8: 2043 daAuts
     D:4: 1848 daAuts
     D:3: 1845 daAuts
     D:2: 1591 daAuts
     D:7: 1559 daAuts
     D:1: 1479 daAuts
     D:5: 1066 daAuts
     D:9: 307 daAuts
